AoeStats
← Peixe-Aranha

Migration

509316043Analyzed
1v1 RM · 5d ago on Sep 26, 2026· 39m 44s· 2 players
Game mode
Random Map
Map size
132×132
Population
200
Speed
Normal
Resources
Standard
Victory
Conquest
Starting age
Dark Age
Ending age
Imperial Age
RankedLock teamsTeams togetherTeam positionsShared explorationLock speedFull tech treeHidden civsTurbo modeCheats
Victory
Defeat
🇵🇹 Cumans · Portugal
852
+17
🇺🇸 Lithuanians · United States
871
-17
Peixe-Aranha
9:25 Loom
11:44 Feudal Age
12:56 Double-Bit Axe
15:04 Wheelbarrow
14:12 Horse Collar
22:21 Castle Age
21:03 Scale Barding Armor
21:08 Forging
20:52 Fletching
21:08 Scale Barding Armor
22:23 Scale Mail Armor
22:34 Forging
22:40 Pikeman
24:01 Bow Saw
24:06 Heavy Plow
25:27 Arson
25:44 Squires
28:13 Chain Mail Armor
31:47 Bodkin Arrow
32:28 Iron Casting
36:56 Imperial Age
36:51 Medium Warships
agentkkotov
10:52 Feudal Age
9:08 Loom
11:17 Fishing Lines
12:31 Wheelbarrow
18:26 Castle Age
20:12 Medium Warships
21:18 Bloodlines
20:28 Light Cavalry
26:03 Fletching
27:15 Gold Mining
27:15 Stone Mining
27:08 Horse Collar
29:27 Scale Mail Armor
31:33 Double-Bit Axe
37:14 Hand Cart
37:12 Heavy Plow
37:26 Bow Saw
Connection lost

Rejoining the realm…

Still unreachable

The connection could not be restored.

Session expired

The server has moved on; the page needs a fresh start.